 Dungeon Crawl Stone Soup version 0.19.1 (webtiles) character file.

1131 Peloso the Slasher (level 8, -4/72 HPs)
             Began as a Deep Dwarf Fighter on Dec 14, 2016.
             Was a Follower of Ashenzari.
             Slain by a yak (5 damage)
             ... on level 4 of the Dungeon.
             The game lasted 00:15:42 (4539 turns).

Peloso the Slasher (Deep Dwarf Fighter)             Turns: 4539, Time: 00:15:43

Health: -4/72      AC: 13    Str: 19 (21) XL:     8   Next: 13%
Magic:  0/8        EV:  8    Int: 10      God:    Ashenzari [*.....]
Gold:   310        SH: 10    Dex: 12 (14) Spells: 0 memorised, 7 levels left

rFire  . . .     SeeInvis .     a - +1 long sword
rCold  . . .     Gourm    .     l - +1 chain mail (curse)
rNeg   . . .     Faith    .     c - +0 shield
rPois  .         Spirit   +     k - +0 helmet
rElec  .         Reflect  .     (no cloak)
rCorr  .         Harm     .     (no gloves)
MR     ++...                    (no boots)
Stlth  ..........               t - amulet of guardian spirit
                                g - ring of protection from magic
                                u - +2 ring of evasion

@: non-regenerating
A: damage resistance, recharge devices, agile 1, sense surroundings 1, shaggy
fur 1, slow regeneration 3, wild magic 1
a: Device Recharging, Curse Item, Scrying, Renounce Religion


You were on level 4 of the Dungeon.
You worshipped Ashenzari.
Ashenzari was aware of your devotion.
You were very hungry.

You visited 1 branch of the dungeon, and saw 5 of its levels.

You collected 310 gold pieces.

Inventory:

Hand Weapons
 a - a +1 long sword (weapon)
 i - a +4 short sword
Armour
 c - a +0 shield (worn)
 k - a +0 helmet (worn)
 l - a cursed +1 chain mail (worn)
Jewellery
 g - a ring of protection from magic (right hand)
 t - an amulet of guardian spirit (around neck)
 u - a +2 ring of evasion (left hand)
Wands
 d - a wand of slowing (26/48)
 e - a wand of heal wounds (0/9)
 h - a wand of lightning (3/15)
Scrolls
 m - a scroll of enchant weapon
 n - a scroll of teleportation
 p - 2 scrolls of remove curse
 q - 2 scrolls of magic mapping
 r - 2 scrolls of fog
 s - a scroll of enchant armour
Potions
 x - a potion of ambrosia {unknown}
Books
 o - a book of Misfortune

   Spells                             Type                      Level
   a - Confusing Touch                Hexes                        1
   b - Confuse                        Hexes                        3
   c - Gell's Gravitas                Hexes/Translocation          3
   d - Petrify                        Transmutation/Earth          4
   e - Metabolic Englaciation         Hexes/Ice                    5
   f - Yara's Violent Unravelling     Hexes/Transmutation          5
Comestibles
 b - a slice of pizza
 f - 5 bread rations
 j - 2 meat rations
 w - 5 fruits


   Skills:
 + Level 3.7 Fighting
 + Level 6.4 Long Blades
 + Level 6.1 Armour
 + Level 2.2 Dodging
 + Level 0.3 Stealth
 + Level 5.4 Shields
 + Level 1.3 Evocations


You had 7 spell levels left.
You didn't know any spells.

Dungeon Overview and Level Annotations

Branches:
Dungeon (5/15)             Temple (0/1) D:5

Altars:
Ashenzari
Nemelex Xobeh
Ru
Vehumet

Annotations:
D:5 exclusion: statue


Innate Abilities, Weirdness & Mutations

You are resistant to damage.
You can recharge devices by infusing magical energy.
You passively map a small area around you.
You do not regenerate.
You are agile. (Dex +2)
You are covered in fur. (AC +1)
Your spells are a little harder to cast, but a little more powerful.


Message History

The yak is lightly wounded.
You block the yak's attack.
You hit the yak.
The yak is moderately wounded.
You block the yak's attack.
Your shield prevents you from hitting the yak.
The yak is moderately wounded.
The yak gores you.
* * * LOW HITPOINT WARNING * * *
You completely miss the yak.
The yak is moderately wounded.
The yak gores you but does no damage.
You hit the yak.
The yak is moderately wounded.
The yak gores you.
* * * LOW HITPOINT WARNING * * *
You hit the yak.
The yak is heavily wounded.
The yak gores you.
You die...

...............#..###..## ##..
..............#..## ##..# ##..
................## #..# #..#
............##..# ##.## #.##
..........#####.# ##..## ##.#
..........# #.# #....###..#
.........## #.## ##.........##
..........#####..####............
.......##...##..@.......#........
.......###.....Y.##.....#.......#
....)..# ##.....#####...........#
.......####.....# #...........#
.......#.......## ##..#.........
..........###..## ##..###........
.........## ##..###..## ##.......
........## #...##.## ##......
........# #......# #..###.


You could see a yak.

Vanquished Creatures
  Sigmund (D:2)
  Menkaure (D:4)
  An orc warrior (D:4)
  2 ogres
  A howler monkey (D:5)
  2 crimson imps (D:5)
  A quasit (D:4)
  An orc priest (D:5)
  3 hounds (D:5)
  4 orc wizards
  A centaur skeleton (D:4)
  Jessica (D:2)
  2 worker ants (D:4)
  A hound skeleton (D:4)
  2 adders
  A howler monkey skeleton (D:4)
  2 shadow imps (D:5)
  An ooze (D:1)
  2 adder skeletons (D:5)
  2 worms
  A dart slug (D:1)
  3 leopard geckos
  14 orcs
  A ball python (D:3)
  5 giant cockroaches
  6 goblins
  3 hobgoblins
  6 kobolds
  2 quokkas
  5 bats
  3 frilled lizards
  A quokka skeleton (D:5)
  6 rats
88 creatures vanquished.

Notes
Turn   | Place    | Note
-------+----------+-------------------------------------------
     0 | D:1      | Peloso the Deep Dwarf Fighter began the quest for the Orb.
     0 | D:1      | Reached XP level 1. HP: 20/20 MP: 1/1
   208 | D:1      | Reached XP level 2. HP: 27/27 MP: 2/2
   528 | D:1      | Reached XP level 3. HP: 29/33 MP: 3/3
   586 | D:2      | Noticed Sigmund
   663 | D:3      | Found a faded altar of an unknown god.
   939 | D:3      | Found a sparkling altar of Nemelex Xobeh.
  1187 | D:4      | Reached XP level 4. HP: 30/40 MP: 4/4
  1271 | D:4      | Noticed Menkaure
  1283 | D:4      | Killed Menkaure
  1283 | D:4      | Reached skill level 1 in Dodging
  1283 | D:4      | Reached XP level 5. HP: 6/49 MP: 5/5
  1351 | D:4      | Noticed an orc warrior
  1364 | D:4      | Killed an orc warrior
  1364 | D:4      | Reached XP level 6. HP: 21/56 MP: 6/6
  1441 | D:4      | Found a shattered altar of Ashenzari.
  1463 | D:4      | HP: 2/56 [ogre/giant club (12)]
  1468 | D:4      | Became a worshipper of Ashenzari the Shackled
  1589 | D:4      | Reached skill level 5 in Armour
  1589 | D:4      | Reached skill level 1 in Evocations
  2101 | D:4      | Reached XP level 7. HP: 21/62 MP: 7/7
  2353 | D:5      | Entered Level 5 of the Dungeon
  2728 | D:4      | Gained mutation: Your spells are a little harder to cast, but a little more powerful. [potion of mutation]
  2728 | D:4      | Gained mutation: You are covered in fur. (AC +1) [potion of mutation]
  2728 | D:4      | Gained mutation: You are agile. (Dex +2) [potion of mutation]
  2850 | D:5      | Reached skill level 5 in Long Blades
  3097 | D:5      | Reached skill level 5 in Shields
  3149 | D:5      | Found a staircase to the Ecumenical Temple.
  3624 | D:5      | Found a radiant altar of Vehumet.
  3760 | D:5      | Reached * piety under Ashenzari
  3934 | D:2      | Found a sacrificial altar of Ru.
  3959 | D:2      | Noticed Jessica
  3970 | D:2      | Killed Jessica
  4036 | D:2      | HP: 3/63 [Sigmund/scythe of slicing (2)]
  4038 | D:2      | Killed Sigmund
  4038 | D:2      | Reached XP level 8. HP: 3/72 MP: 1/8
  4538 | D:4      | HP: 1/72 [yak (4)]
  4539 | D:4      | Slain by a yak

Skill      XL: |  1  2  3  4  5  6  7 |
---------------+----------------------+-----
Armour         | 4 5 6 |  6.1
Shields        | 4 5 |  5.4
Fighting       | 3 |  3.7
Long Blades    | 3 4 6 |  6.4
Dodging        | 1 2 |  2.2
Evocations     | 1 |  1.3
Stealth        | |  0.3

Action                   |  1- 3 |  4- 6 |  7- 9 || total
-------------------------+-------+-------+-------++-------
Melee: Long sword        |   105 |    73 |   240 ||   418
 Abil: Device Recharging |       |       |     1 ||     1
Evoke: Wand              |       |     4 |     3 ||     7
  Use: Scroll            |     2 |       |     7 ||     9
       Potion            |       |     1 |     7 ||     8
  Eat: Chunk             |     1 |     2 |     2 ||     5
       Meat ration       |       |       |     1 ||     1
       Beef jerky        |       |       |     1 ||     1
Armor: Scale mail        |    14 |       |       ||    14
       Chain mail        |    51 |    49 |    99 ||   199
Dodge: Dodged            |    25 |    19 |    65 ||   109
Block: Shield            |    61 |    41 |    89 ||   191
       Rpst.: Long sword |    11 |     7 |    13 ||    31
